 Dungeon Crawl Stone Soup version 0.20.1-1-g8b1a95d (webtiles) character file.

330 empire the Purveyor of Pain (level 6, -3/43 HPs)
             Began as a Mummy Necromancer on Sept 22, 2017.
             Was an Initiate of Kikubaaqudgha.
             Slain by Menkaure (12 damage)
             ... on level 5 of the Dungeon.
             The game lasted 00:10:14 (3835 turns).

empire the Purveyor of Pain (Mummy Necromancer)     Turns: 3835, Time: 00:10:14

Health: -3/43      AC:  3    Str: 12    XL:     6   Next: 26%
Magic:  6/10       EV: 12    Int: 16    God:    Kikubaaqudgha [......]
Gold:   227        SH:  0    Dex: 12    Spells: 3/11 levels left

rFire    x . .     SeeInvis +   a - -2 morningstar (curse)
rCold    + . .     Gourm    .   (no shield)
rNeg     + + +     Faith    +   d - +1 robe
rPois    ∞         Spirit   .   (no helmet)
rElec    .         Reflect  .   (no cloak)
rCorr    .         Harm     .   (no gloves)
MR       .....                  (no boots)
Stlth    ++........             h - amulet of faith
Regen    0.2/turn               c - ring of see invisible
MPRegen  0.2/turn               (no ring)

@: no status effects
A: no food or potions, fire vulnerability, cold resistance 1, negative energy
resistance 3, torment resistance, unbreathing
a: Renounce Religion


You were on level 5 of the Dungeon.
You worshipped Kikubaaqudgha.
Kikubaaqudgha was noncommittal.
You were not hungry.

You visited 2 branches of the dungeon, and saw 6 of its levels.

You collected 227 gold pieces.

Inventory:

Hand Weapons
 a - a cursed -2 morningstar (weapon)
 b - a +0 dagger
 i - a +0 falchion
Armour
 d - a +1 robe (worn)
Jewellery
 c - a ring of see invisible (left hand)
 h - an amulet of faith (around neck)
Scrolls
 f - 2 scrolls of fog
 k - a scroll of enchant armour
Books
 e - a book of Necromancy

   Spells                             Type                      Level
   a - Pain                           Necromancy                   1
   b - Animate Skeleton               Necromancy                   1
   c - Vampiric Draining              Necromancy                   3
   d - Regeneration                   Charms/Necromancy            3
   e - Animate Dead                   Necromancy                   4
   f - Control Undead                 Necromancy                   4
 g - a book of Cantrips

   Spells                             Type                      Level
   a - Confusing Touch                Hexes                        1
   b - Animate Skeleton               Necromancy                   1
   c - Summon Small Mammal            Summoning                    1
   d - Apportation                    Translocation                1
 j - a book of Maledictions

   Spells                             Type                      Level
   a - Corona                         Hexes                        1
   b - Ensorcelled Hibernation        Hexes/Ice                    2
   c - Confuse                        Hexes                        3
   d - Tukima's Dance                 Hexes                        3
   e - Dazzling Spray                 Conjuration/Hexes            3


   Skills:
 - Level 1.0 Fighting
 - Level 2.1 Dodging
 - Level 2.1 Stealth
 - Level 3.0 Spellcasting
 + Level 7.0 Necromancy


You had 3 spell levels left.
You knew the following spells:

 Your Spells              Type           Power        Failure   Level  Hunger
a - Pain                  Necr           ###.         1%          1    N/A
b - Vampiric Draining     Necr           ###.......   3%          3    N/A
c - Control Undead        Necr           ###.......   11%         4    N/A

Dungeon Overview and Level Annotations

Branches:
Dungeon (5/15)             Temple (1/1) D:4

Altars:
Ashenzari
Cheibriados
Fedhas
Gozag
Kikubaaqudgha
Nemelex Xobeh
Qazlal
Ru
Vehumet
Yredelemnul
Zin
The Shining One

Annotations:
D:4 Pikel; dvd's ghost, novice BaFi
D:5 Menkaure


Innate Abilities, Weirdness & Mutations

You do not eat or drink.
Your flesh is vulnerable to fire.
You are immune to poison.
Your flesh is cold resistant. (rC+)
You are immune to negative energy. (rN+++)
You are immune to unholy pain and torment.
You can survive without breathing.


Message History

Menkaure casts a spell.
Menkaure seems to speed up.
You see here 8 gold pieces.
You now have 227 gold pieces (gained 8).
Casting: Pain
Confirm with . or Enter, or press ? or * to list all spells.
Menkaure easily resists.
Menkaure hits you!
You puncture Menkaure!
Menkaure is moderately damaged.
Menkaure hits you. Menkaure misses you.
You hit Menkaure.
Menkaure is heavily damaged.
Menkaure hits you. Menkaure hits you!!
* * * LOW HITPOINT WARNING * * *
You barely miss Menkaure.
Menkaure is heavily damaged.
Menkaure hits you!
You die...
Kikubaaqudgha rasps: "You have failed me!
Welcome... oblivion!"

######################
#.?...........>.......
#...........(.........
#.?............>......
#...M@................
#......##...##......##
#......##...##......#
#......#....##....####
#......#....##.<..####
#......#............#>
##+######...##......##
###...##.....###
#............#


You could see Menkaure.

Vanquished Creatures
  A slave (D:5)
  An ice beast (D:5)
  A bullfrog zombie (D:5)
  An iguana (D:5)
  A worker ant (D:4)
  4 gnolls (D:5)
  9 adders
  A worm (D:3)
  5 dart slugs
  2 leopard geckos
  2 orcs
  A bat (D:1)
  4 giant cockroaches
  8 goblins
  5 hobgoblins
  5 kobolds
  5 quokkas
  4 ball pythons
  7 frilled lizards
  2 rats
69 creatures vanquished.

Vanquished Creatures (collateral kills)
  A leopard gecko (D:5)
1 creature vanquished.

Grand Total: 70 creatures vanquished

Notes
Turn   | Place    | Note
-------+----------+-------------------------------------------
     0 | D:1      | empire the Mummy Necromancer began the quest for the Orb.
     0 | D:1      | Reached XP level 1. HP: 13/13 MP: 4/4
   223 | D:1      | Reached XP level 2. HP: 19/19 MP: 1/5
  1069 | D:1      | Reached skill level 5 in Necromancy
  1071 | D:1      | Reached XP level 3. HP: 21/24 MP: 2/7
  1294 | D:2      | Learned a level 3 spell: Vampiric Draining
  1321 | D:2      | Found a radiant altar of Vehumet.
  1386 | D:2      | Reached skill level 1 in Fighting
  1702 | D:3      | Reached XP level 4. HP: 21/32 MP: 8/8
  1942 | D:3      | Learned a level 4 spell: Control Undead
  2068 | D:3      | Found a basalt altar of Yredelemnul.
  2615 | D:4      | Noticed dvd's ghost (novice BaFi)
  2697 | D:4      | Found a sacrificial altar of Ru.
  2720 | D:4      | Reached XP level 5. HP: 22/37 MP: 3/9
  2933 | D:4      | Found a staircase to the Ecumenical Temple.
  2939 | Temple   | Entered the Ecumenical Temple
  3065 | Temple   | Became a worshipper of Kikubaaqudgha
  3113 | D:4      | Noticed a slave
  3114 | D:4      | Noticed a slave
  3115 | D:4      | Noticed Pikel
  3123 | D:4      | Noticed a slave
  3125 | D:4      | Noticed a slave
  3144 | D:5      | Entered Level 5 of the Dungeon
  3149 | D:5      | Killed a slave
  3487 | D:5      | Noticed an ice beast
  3498 | D:5      | Killed an ice beast
  3498 | D:5      | Reached skill level 6 in Necromancy
  3524 | D:5      | Noticed an ice beast
  3535 | D:5      | Reached XP level 6. HP: 28/43 MP: 2/10
  3790 | D:5      | Reached skill level 7 in Necromancy
  3827 | D:5      | Noticed Menkaure
  3835 | D:5      | Slain by Menkaure

Skill      XL: |  1  2  3  4  5  6 |
---------------+-------------------+-----
Necromancy     | 5 6 7 |  7.0
Spellcasting   | 3 |  3.0
Fighting       | 1 |  1.0
Dodging        | 2 |  2.1
Stealth        | 2 |  2.1

Action                   |  1- 3 |  4- 6 || total
-------------------------+-------+-------++-------
Melee: Unarmed           |     3 |       ||     3
       Whip              |    17 |       ||    17
       Dagger            |    23 |    28 ||    51
       Morningstar       |       |    30 ||    30
 Cast: Pain              |    56 |    71 ||   127
       Vampiric Draining |       |     9 ||     9
       Control Undead    |       |     2 ||     2
  Use: Scroll            |     2 |     2 ||     4
 Stab: Sleeping          |       |     2 ||     2
Armor: Robe              |     8 |     8 ||    16
Dodge: Dodged            |    43 |    58 ||   101
